 Dungeon Crawl Stone Soup version 0.18.1-48-g4cf74bf (webtiles) character file.

125 Ratgod the Firebug (level 5, 0/28 HPs)
             Began as a Kobold Fire Elementalist on July 1, 2016.
             Killed from afar by an orc wizard (2 damage)
             ... with a magic dart
             ... on level 3 of the Dungeon on July 4, 2016.
             The game lasted 00:15:15 (5197 turns).

Ratgod the Firebug (Kobold Fire Elementalist)       Turns: 5197, Time: 00:15:16

Health: 0/28       AC:  3    Str:  6    XL:     5   Next: 30%
Magic:  3/9        EV: 13    Int: 14    God:
Gold:   131        SH:  0    Dex: 17    Spells: 3 memorised, 4 levels left

rFire  . . .     SeeInvis .     g - +0 dagger
rCold  . . .     Gourm    .     a - +0 robe
rNeg   . . .     Faith    .     (shield restricted)
rPois  .         Spirit   .     l - +0 helmet
rElec  .         Dismiss  .     (no cloak)
rCorr  .         Reflect  .     (no gloves)
SustAt .         Harm     .     (no boots)
MR     .....                    m - amulet of regeneration
Stlth  ++........               (no ring)
                                d - -2 ring of evasion

@: slowed, very slow, not resistant to hostile enchantments, unstealthy
A: carnivore 3
a: no special abilities


You were on level 3 of the Dungeon.
You were very full.

You visited 1 branch of the dungeon, and saw 3 of its levels.

You collected 131 gold pieces.

Inventory:

Hand Weapons
 g - a +0 dagger (weapon)
Armour
 a - a +0 robe (worn)
 l - a +0 helmet (worn)
Jewellery
 d - a -2 ring of evasion (left hand)
 m - an amulet of regeneration (around neck)
Scrolls
 e - 5 scrolls of identify
 f - a scroll of remove curse
Potions
 h - a potion of might
 j - a potion of ambrosia
 k - a potion of curing
 n - a potion of flight {unknown}
Books
 b - a book of Flames

   Spells                             Type                      Level
   a - Flame Tongue                   Conjuration/Fire             1
   b - Throw Flame                    Conjuration/Fire             2
   c - Conjure Flame                  Conjuration/Fire             3
   d - Inner Flame                    Hexes/Fire                   3
   e - Sticky Flame                   Conjuration/Fire             4
   f - Fireball                       Conjuration/Fire             5
 o - a book of the Warp

   Spells                             Type                      Level
   a - Recall                         Summoning/Translocation      3
   b - Gell's Gravitas                Hexes/Translocation          3
   c - Force Lance                    Conjuration/Translocation    4
   d - Warp Weapon                    Charms/Translocation         5
   e - Summon Forest                  Summoning/Translocation      5
Comestibles
 c - 2 meat rations
 i - 2 beef jerkies


   Skills:
 - Level 2.4 Dodging
 - Level 2.6 Stealth
 - Level 3.1 Spellcasting
 + Level 1.7 Conjurations
 * Level 4.4 Fire Magic


You had 4 spell levels left.
You knew the following spells:

 Your Spells              Type           Power        Failure   Level  Hunger
a - Flame Tongue          Conj/Fire      ##...        10%         1    #......
b - Throw Flame           Conj/Fire      ##....       12%         2    ##.....
c - Conjure Flame         Conj/Fire      ##......     21%         3    ###....


Dungeon Overview and Level Annotations

Branches:
Dungeon (3/15)

Altars:
Gozag
Trog

Annotations:
D:3 junkhipster's ghost, amateur HOFi


Innate Abilities, Weirdness & Mutations

You are small and have problems with some larger weapons.
You are carnivorous and can eat meat at any time.


Message History

You hit the orc wizard but do no damage.
The orc wizard is moderately wounded.
The orc wizard hits you with a dagger.
* * * LOW HITPOINT WARNING * * *
The orc wizard hits you but does no damage.
The orc wizard is no longer moving quickly.
The orc wizard hits you but does no damage.
The orc wizard casts a spell at you.
You feel yourself slow down.
The orc wizard points at you and mumbles some strange words.
You resist with some effort. The orc wizard hits you with a dagger.
* * * LOW HITPOINT WARNING * * *
The orc wizard barely misses you.
The orc wizard gestures at you while chanting.
The magic dart hits you!
* * * LOW HITPOINT WARNING * * *
The orc wizard points at you and mumbles some strange words.
The magic dart hits you!
You die...

#..#.......#.....
#..###.##+###.####
#.####.........#
#.#
#..............#
#.#
.#####.###....#
#.# #........# #.#
#.#....o.###.###
#.#..<..........
#.#...@..###.###
..#......#
...............
..........###.#
##.###.#..# #.
#.#..# # #....#
...... #. #.##


You could see an orc wizard.

Vanquished Creatures
  5 adders
  3 worms
  2 dart slugs
  2 giant geckos
  An orc (D:3)
  2 ball pythons
  2 giant cockroaches
  9 goblins
  5 hobgoblins
  5 jackals
  5 kobolds
  10 bats
  4 giant newts
  A quokka zombie (D:3)
  6 rats
62 creatures vanquished.

Notes
Turn   | Place    | Note
--------------------------------------------------------------
     0 | D:1      | Ratgod the Kobold Fire Elementalist began the quest for the Orb.
     0 | D:1      | Reached XP level 1. HP: 10/10 MP: 3/3
    37 | D:1      | Reached skill level 1 in Conjurations
   618 | D:1      | Reached XP level 2. HP: 15/15 MP: 1/5
   628 | D:1      | Learned a level 2 spell: Throw Flame
  1279 | D:1      | Reached XP level 3. HP: 19/19 MP: 2/6
  1387 | D:1      | Learned a level 3 spell: Conjure Flame
  1438 | D:1      | Reached skill level 4 in Fire Magic
  1908 | D:2      | Found a bloodstained altar of Trog.
  1989 | D:2      | Found an opulent altar of Gozag.
  2329 | D:2      | Reached XP level 4. HP: 21/24 MP: 7/7
  4605 | D:2      | Reached XP level 5. HP: 28/28 MP: 6/9
  4973 | D:3      | Noticed junkhipster's ghost (amateur HOFi)
  5195 | D:3      | HP: 1/28 [orc wizard/magic dart (8)]
  5197 | D:3      | Killed from afar by an orc wizard

Skill      XL: |  1  2  3  4 |
---------------+-------------+-----
Conjurations   | 1 |  1.7
Fire Magic     | 4 |  4.4
Spellcasting   | 3 |  3.1
Dodging        | |  2.4
Stealth        | |  2.6

Action                   |  1- 3 |  4- 6 || total
-------------------------+-------+-------++-------
Melee: Unarmed           |    14 |     5 ||    19
       Dagger            |       |    35 ||    35
 Cast: Flame Tongue      |    21 |    20 ||    41
       Throw Flame       |    38 |    57 ||    95
       Conjure Flame     |       |     1 ||     1
  Use: Potion            |     3 |       ||     3
       Scroll            |     1 |     4 ||     5
  Eat: Chunk             |    15 |    13 ||    28
Armor: Robe              |    11 |    17 ||    28
Dodge: Dodged            |    35 |    36 ||    71
